 Dungeon Crawl Stone Soup version 0.27.0-66-gdc8fb28755 (webtiles) character file.

Game seed: 888567828218302521

147 Naeght the Poker (level 5, -4/41 HPs)
             Began as a Merfolk Gladiator on Aug 19, 2021.
             Killed by divine providence
             ... invoked by an orc priest
              (15 damage)
             ... on level 4 of the Dungeon.
             The game lasted 00:06:54 (3825 turns).

Naeght the Poker (Merfolk Gladiator)                Turns: 3825, Time: 00:06:55

Health: -4/41      AC:  5    Str: 16    XL:     5   Next: 29%
Magic:  5/5        EV: 14    Int:  7    God:
Gold:   167        SH:  0    Dex: 15    Spells: 4/4 levels left

rFire    . . .     SeeInvis .   a - +0 trident
rCold    . . .     Faith    .   (no shield)
rNeg     . . .     Spirit   .   b - +0 leather armour
rPois    .         Reflect  .   c - +0 helmet
rElec    .         Harm     .   (no cloak)
rCorr    .         Rampage  .   i - +0 pair of gloves
Will     .....                  (no boots)
Stlth    +.........             (no amulet)
HPRegen  0.13/turn              (no ring)
MPRegen  0.09/turn              (no ring)

@: no status effects
A: (nimble swimmer 2), mertail
a: no special abilities


You were on level 4 of the Dungeon.
You visited 1 branch of the dungeon, and saw 4 of its levels.

You collected 167 gold pieces.

Inventory:

Hand Weapons
 a - a +0 trident (weapon)
Missiles
 d - 3 throwing nets (quivered)
Armour
 b - a +0 leather armour (worn)
 c - a +0 helmet (worn)
 i - a +0 pair of gloves (worn)
Jewellery
 m - a ring of see invisible
 o - a ring of wizardry
 u - an amulet of reflection
Scrolls
 e - 2 scrolls of fear {unknown}
 h - 2 scrolls of immolation {unknown}
 k - a scroll of magic mapping {unknown}
 l - 3 scrolls of teleportation {unknown}
 n - a scroll of identify {unknown}
 r - a scroll of enchant armour {unknown}
 s - a scroll of noise {unknown}
 t - a scroll of enchant weapon {unknown}
Potions
 f - a potion of curing {unknown}
 g - a potion of brilliance {unknown}
 j - a potion of cancellation {unknown}
 p - a potion of might {unknown}
 q - a potion of haste {unknown}


   Skills:
 + Level 3.4 Fighting
 * Level 6.7 Polearms
 - Level 2.0 Throwing
 + Level 5.1 Dodging


You had 4 spell levels left.
You didn't know any spells.
Your spell library contained the following spells:

 Spells                   Type           Power      Damage    Failure   Level
 Magic Dart               Conj           0%         1d3       50%         1
 Searing Ray              Conj           0%         3d3       65%         2
 Fulminant Prism          Conj/Hex       0%         3d6       99%         4


Dungeon Overview and Level Annotations

Branches:
Dungeon (4/15)
 Temple: D:4-7

Altars:

Shops:
D:4 [


Innate Abilities, Weirdness & Mutations

((You are quick and stealthy near water. (Stealth+, EV+, Speed+++)))
Your lower body shifts to a powerful aquatic tail in water.


Message History

There are monsters nearby!
The orc wizard casts a spell.
The orc wizard flickers and vanishes!
Deactivating autopickup; reactivate with Ctrl-A.
There is an open door here.
You hit the orc but do no damage. The orc closely misses you.
The orc priest calls down the wrath of Beogh upon you.
Beogh smites you!
You hit the orc but do no damage. You miss something.
The orc closely misses you. Something hits you but does no damage.
You miss something. The orc closely misses you. Something hits you.
You hit something. The orc closely misses you. Something hits you.
You closely miss something. The orc hits you but does no damage.
You completely miss something. Something hits you. The orc closely misses you.
You hit the orc but do no damage. Something hits you but does no damage.
The orc hits you with a +0 dagger.
You puncture the orc!
You kill the orc!
You hear some strange, mumbled words.
A magic dart appears from out of thin air!
The magic dart hits you!
* * * LOW HITPOINT WARNING * * *
The orc priest looks satisfied for a moment.
Things that are here:
a +0 dagger; a +0 leather armour Something hits you.
* * * LOW HITPOINT WARNING * * *
There is an open door here.
You close the door.
Something unseen opens the door.
You closely miss the orc priest.
The orc priest hits you but does no damage.
You hit the orc priest.
The orc priest is lightly wounded.
You hear some strange, mumbled words.
A puff of flame appears from out of thin air!
The puff of flame misses you.
The orc priest mumbles some strange prayers to Beogh against you.
Beogh smites you!
You die...

.+.........#.....#
#.....#
.#...##....#.....#
#.....#
.#...##....##....#
#.....#
.#...#####+##....###
###...# .#....
#......# #....#
.#.... #......#
#....# .#...
#......# #....# .#
#...o#######...# .#
##########@#
...###### .#
#.....#...{#....# .#
#.....#....#....# .#
##.####...##....##
.#
###.####...#......#
.#
#.........)#......#
.#
#..........'......+
.#
############......#
## #######


You could see an orc priest.

Vanquished Creatures
  An orc wizard (D:2)
  3 adders
  An adder skeleton (D:4)
  2 dart slugs
  13 orcs
  3 bats
  6 endoplasms
  A giant cockroach (D:3)
  13 goblins
  4 hobgoblins
  3 jackals (D:3)
  A kobold (D:1)
  3 quokkas
  6 ball pythons
  5 frilled lizards
  5 rats
70 creatures vanquished.

Notes
Turn   | Place    | Note
-------+----------+-------------------------------------------
     0 | D:1      | Naeght the Merfolk Gladiator began the quest for the Orb.
     0 | D:1      | Reached XP level 1. HP: 16/16 MP: 1/1
    94 | D:1      | Found a faded altar of an unknown god.
   152 | D:1      | Reached XP level 2. HP: 18/23 MP: 2/2
   410 | D:1      | Reached skill level 5 in Polearms
   720 | D:2      | Reached XP level 3. HP: 26/28 MP: 3/3
  1730 | D:3      | Reached XP level 4. HP: 35/35 MP: 4/4
  2030 | D:2      | Reached skill level 6 in Polearms
  2636 | D:3      | Reached skill level 5 in Dodging
  2720 | D:3      | Reached XP level 5. HP: 34/41 MP: 5/5
  3741 | D:4      | Found Waerio's Antique Armour Boutique.
  3825 | D:4      | Killed from afar by an orc priest

Illustrated notes

Levels and vault maps discovered:
D:1:      dpeg_arrival_solitude, layout_rooms, chequers_ecumenical_altar_island,
          minmay_indecisive_spiral
D:2:      layout_basic, corner_web_ring
D:3:      layout_loops_corners, kennysheep_generic_room_14
D:4:      layout_gridville, serial_shops, shop

Skill      XL: |  1  2  3  4 |
---------------+-------------+-----
Polearms       | 5 6 |  6.7
Fighting       | 3 |  3.4
Dodging        | 5 |  5.1
Throwing       | |  2.0

Action                   |  1- 3 |  4- 6 || total
-------------------------+-------+-------++-------
Melee: Trident           |    73 |   151 ||   224
 Stab: Sleeping          |     3 |     1 ||     4
Armor: Skin              |     6 |       ||     6
       Leather armour    |     1 |    29 ||    30
Dodge: Dodged            |    33 |    96 ||   129
